 Dungeon Crawl Stone Soup version 0.26-a0-466-g989023bd0d (webtiles) character file.

Game seed: 4288406442546185675

25788 peripatetik the Cleaver (level 13, -5/88 HPs)
             Began as an Octopode Fighter on Aug 11, 2020.
             Was the Champion of Cheibriados.
             Hit by a javelin thrown by a minotaur (11 damage)
             ... in a Gauntlet.
             The game lasted 01:07:04 (18335 turns).

peripatetik the Cleaver (Octopode Fighter)         Turns: 18335, Time: 01:07:05

Health: -5/88      AC:  9    Str: 33    XL:     13   Next: 21%
Magic:  19/19      EV: 17    Int: 36    God:    Cheibriados [******]
Gold:   640        SH: 19    Dex: 28    Spells: 12/16 levels left

rFire    . . .     SeeInvis +   q - +11 war axe of Dim Light {protect, *Contam MR+ Int+6 SInv}
rCold    . . .     Faith    .   b - +1 kite shield
rNeg     . . .     Spirit   .   (helmet restricted)
rPois    .         Reflect  +   o - amulet of reflection
rElec    .         Harm     .   j - ring of stealth
rCorr    .         NoTele   +   G - ring of see invisible
MR       ++...                  I - +4 ring of slaying
Stlth    ++++++....             P - ring of protection from magic
HPRegen  0.24/turn              y - +4 ring of protection
MPRegen  0.16/turn              (no ring)
                                (no ring)
                                (no ring)

@: drained, very slow
A: almost no armour, stealthy swim, amphibious, 8 rings, constrict 8, molten
scales 1, thin metallic scales 1, camouflage 1, clever 2, gelatinous body 1,
evolution 1, MP-powered wands
a: Bend Time, Temporal Distortion, Slouch, Step From Time, Renounce Religion


You were in a Gauntlet.
You worshipped Cheibriados.
Cheibriados was exalted by your worship.
You visited 1 branch of the dungeon, and saw 13 of its levels.
You also visited: Gauntlet.

You collected 895 gold pieces.
You spent 255 gold pieces at shops.

Inventory:

Hand Weapons
 a - a +0 trident
 q - the +11 war axe of Dim Light (weapon) {protect, *Contam MR+ Int+6 SInv}
   (You found it on level 9 of the Dungeon)

   It grants its wielder temporary protection when it strikes (+7 to AC).
   It affects your intelligence (+6).
   It affects your resistance to hostile enchantments.
   It lets you see invisible.
   It causes magical contamination when unequipped.
 H - the +3 trident of Armageddon {holy, +Fly rPois rF+ MR+}
   (You bought it in a shop on level 7 of the Dungeon)

   It has been blessed by the Shining One to cause great damage to the undead
   and demons.
   It protects you from fire.
   It protects you from poison.
   It affects your resistance to hostile enchantments.
   It lets you fly.
 N - a +2 vorpal war axe
Missiles
 m - 40 poisoned darts (quivered)
 n - 5 throwing nets
 v - 18 boomerangs
Armour
 b - a +1 kite shield (worn)
Magical Staves
 J - an uncursed staff of summoning {unknown}
Jewellery
 i - an uncursed amulet of faith {unknown}
 j - a ring of stealth (left tentacle)
 o - an amulet of reflection (around mantle)
 t - an uncursed amulet of the acrobat
 y - a +4 ring of protection (on tentacle)
 G - a ring of see invisible (right tentacle)
 I - a +4 ring of slaying (on tentacle)
 P - a ring of protection from magic (on tentacle)
Wands
 x - a wand of random effects (39)
 B - a wand of enslavement (5)
 C - a wand of paralysis (9)
 E - a wand of polymorph (6)
 F - a wand of flame (14)
 L - a wand of clouds (8)
 O - a wand of digging (6)
Scrolls
 h - 5 scrolls of amnesia
 k - 5 scrolls of remove curse
 l - 3 scrolls of teleportation
 p - a scroll of fog
 u - 3 scrolls of enchant armour
 w - 2 scrolls of magic mapping
Potions
 c - 4 potions of might
 d - 9 potions of curing
 e - 2 potions of brilliance {unknown}
 g - 4 potions of flight
 r - 3 potions of lignification
 s - 4 potions of haste
 z - 2 potions of mutation
 A - a potion of resistance
 D - a potion of stabbing
 M - a potion of heal wounds
Miscellaneous
 f - a tin of tremorstones (3/3)
 K - a phial of floods (inert)


   Skills:
 * Level 8.0(7.3) Fighting
 + Level 13.2(13.3) Axes
 - Level 8.8(11.3) Polearms
 * Level 10.4(9.7) Throwing
 * Level 6.1(5.4) Dodging
 - Level 5.3(4.6) Stealth
 * Level 7.4(6.7) Shields
 - Level 2.3(1.7) Spellcasting
 - Level 2.8(2.1) Hexes
 * Level 8.0(7.3) Invocations


You had 12 spell levels left.
You knew the following spells:

 Your Spells              Type           Power        Failure   Level
a - Confusing Touch       Hex            ###.....     19%         3
b - Animate Skeleton      Necr           #.....       16%         1

Your spell library contained the following spells:

 Spells                   Type           Power        Failure   Level
 Corona                   Hex            ###....      6%          1
 Apportation              Tloc           #.....       16%         1
 Summon Small Mammal      Summ           #...         16%         1
 Blink                    Tloc           N/A          24%         2
 Corpse Rot               Necr/Air       N/A          24%         2
 Poisonous Vapours        Pois/Air       #.....       24%         2
 Conjure Flame            Conj/Fire      #.......     43%         3
 Gell's Gravitas          Tloc           #.........   43%         3
 Lesser Beckoning         Tloc           #.........   43%         3
 Mephitic Cloud           Conj/Pois/Air  #.......     43%         3
 Stone Arrow              Conj/Erth      #.....       43%         3
 Teleport Other           Tloc           #.......     43%         3
 Passage of Golubria      Tloc           N/A          83%         4
 Petrify                  Tmut/Erth      #.......     83%         4
 Metabolic Englaciation   Hex/Ice        ##........   95%         5
 Yara's Violent Unravell  Hex/Tmut       ##........   95%         5
 Summon Forest            Summ/Tloc      #.........   99%         5
 Eringya's Noxious Bog    Tmut/Pois      #.........   100%        6
 Freezing Cloud           Conj/Ice/Air   #.........   100%        6
 Hydra Form               Tmut           #.........   100%        6
 Summon Hydra             Summ           #.........   100%        7


Dungeon Overview and Level Annotations

Branches:
Dungeon (13/15)            Temple (0/1) D:6            Lair (0/6) D:9
    Orc (0/2) D:9         Gauntlet (1/1)
 Vaults: D:13-14

Altars:
Cheibriados
Dithmenos
Hepliaklqana
Nemelex Xobeh
Okawaru
Qazlal
Sif Muna
Trog
Xom
Zin
The Shining One

Shops:
D:5 [   D:7 (   D:11 =   D:12 *

Annotations:
D:3 1 runed translucent door, Graouh's ghost, amateur MiFi
D:4 1 transporter, 1player's ghost, novice DDFi
D:5 exclusion: 2 downstairs
D:7 3 runed translucent doors, 1 exclusion, Apogee's ghost, novice TrFi; Graouh's ghost, novice MiFi; vurker's ghost, novice MiHu
D:11 1 runed translucent door, Afol's ghost, journeyman DEAE
D:12 exclusion: downstairs Gauntlet 8 transporters, 3 runed translucent doors, exclusion: obsidian statue


Innate Abilities, Weirdness & Mutations

You cannot wear most types of armour.
You are very stealthy in the water. (Stealth+)
You are amphibious.
You can wear up to eight rings at the same time.
You can use your tentacles to constrict eight enemies at once.
Your skin changes colour to match your surroundings (Stealth+).
Your rubbery body absorbs attacks. (AC +1, EV +1)
You are partially covered in molten scales. (AC +2)
You are partially covered in thin metallic scales. (AC +2)
Your mind is very acute. (Int +4)
You evolve.
You expend magic power (3 MP) to strengthen your wands.


Message History

You open the door.
A minotaur comes into view.
It is wielding the +4 demon trident of Arbitration {drain, rF+}.
Found a chain mail and a box of beasts.
Unknown command.
What are your orders? t - Shout!
Orders for allies: a - Attack new target. r - Retreat! s - Stop attacking. g - Guard the area. f - Follow me.
Anything else - Cancel.
You shout for attention!
You hear a bellow!
You start waiting.
A minotaur is nearby!
The minotaur hits you from afar with the +4 demon trident of Arbitration {drain, rF+}!!!
You feel drained.
The minotaur throws a javelin.
The javelin barely misses you.
The minotaur throws a javelin.
The javelin pierces through you!!
* * * LOW HITPOINT WARNING * * *
The minotaur throws a javelin.
The javelin pierces through you!
You die...

#§...##########
############.............
#........####.8.....8....
##.##.###..##≈............
#8......H...##...#########
#.....#.#....#...#..##...#
#####.#.#.©8.#...#.#...###
#.H.#....#...#=#..#..#
..H...'.###@©8.#.8.#©.#©#..#
}8[8.8#...#....#...#:?#..#.#
#######.#.#.©8.#...###...#y#
#.....#.#..(.#...#...##yy#
#8..........##...#########
##.##.###..##≈§§..........
#........####.8.....8....
############.............
#≈...##########


You could see a minotaur.

Vanquished Creatures
  Snorg (D:11)
  2 centaur warriors
  4 two-headed ogres
  3 death yaks
  An unseen horror (D:12)
  A wizard (D:11)
  An orc knight (D:11)
  2 deep elf magi (D:11)
  An orc sorcerer (D:11)
  Joseph (D:8)
  A centaur zombie (D:12)
  An apocalypse crab (Gauntlet)
  A centaur skeleton (D:12)
  Psyche (D:12)
  A yaktaur (D:11)
  A gargoyle (D:10)
  A freezing wraith (D:11)
  5 trolls
  2 hippogriffs
  14 flying skulls (Gauntlet)
  2 shadows
  2 wyverns (D:12)
  17 yaks
  2 wraiths (D:11)
  An acid dragon (D:13)
  3 water moccasins
  4 phantoms
  3 eyes of draining
  4 ice beasts
  8 orc warriors
  3 sky beasts
  2 black bears
  2 necrophages (D:9)
  9 ogres
  3 centaurs
  6 bullfrogs
  2 scorpions
  13 killer bees
  24 wights
  5 howler monkeys
  A quasit (D:5)
  5 jellies
  A gnoll shaman (D:8)
  8 orc priests
  5 hounds
  3 iguanas
  7 orc wizards
  11 worker ants
  Natasha (D:2)
  A hell rat (D:9)
  2 hound skeletons
  3 hound zombies (D:6)
  3 worker ant zombies
  9 gnolls
  12 adders
  A howler monkey skeleton (D:9)
  2 shadow imps
  3 white imps
  3 ufetubi
  An ooze (D:3)
  An adder skeleton (D:6)
  2 adder zombies
  3 worms
  2 dart slugs (D:1)
  7 leopard geckos
  43 orcs
  2 ball pythons
  9 giant cockroaches
  9 goblins
  7 hobgoblins
  4 jackals
  9 kobolds
  9 quokkas
  7 bats
  4 frilled lizards
  A leopard gecko skeleton (D:4)
  A leopard gecko zombie (D:5)
  A quokka skeleton (D:8)
  11 rats
374 creatures vanquished.

Notes
Turn   | Place    | Note
-------+----------+-------------------------------------------
     0 | D:1      | peripatetik the Octopode Fighter began the quest for the
                  | Orb.
     0 | D:1      | Reached XP level 1. HP: 16/16 MP: 1/1
    70 | D:1      | Reached XP level 2. HP: 21/21 MP: 2/2
   275 | D:1      | Reached XP level 3. HP: 26/26 MP: 3/3
   875 | D:2      | Reached skill level 1 in Stealth
  1287 | D:2      | Reached XP level 4. HP: 28/31 MP: 4/4
  1489 | D:2      | Noticed Natasha
  1492 | D:2      | Killed Natasha
  1606 | D:2      | Found a sparkling altar of Nemelex Xobeh.
  1637 | D:2      | Found an iron altar of Okawaru.
  1878 | D:3      | Found a runed translucent door.
  2059 | D:3      | Reached skill level 1 in Throwing
  2059 | D:3      | Reached XP level 5. HP: 36/36 MP: 5/5
  2288 | D:3      | Found a glowing golden altar of the Shining One.
  2685 | D:3      | Noticed Graouh's ghost (amateur MiFi)
  2730 | D:4      | Noticed an ogre
  2747 | D:4      | Killed an ogre
  2747 | D:4      | Reached XP level 6. HP: 43/43 MP: 6/6
  3109 | D:4      | Found a transporter.
  3110 | D:4      | Noticed 1player's ghost (novice DDFi)
  3272 | D:4      | Found a shadowy altar of Dithmenos.
  3729 | D:5      | Entered Level 5 of the Dungeon
  3810 | D:5      | Found Cume's Antique Armour Boutique.
  3875 | D:5      | Reached XP level 7. HP: 47/47 MP: 7/7
  4185 | D:5      | Reached skill level 5 in Polearms
  4185 | D:5      | Reached skill level 5 in Stealth
  4683 | D:5      | Found a snail-covered altar of Cheibriados.
  4700 | D:5      | Reached XP level 8. HP: 43/54 MP: 8/8
  4767 | D:5      | Became a worshipper of Cheibriados the Contemplative
  5135 | D:5      | Reached skill level 1 in Invocations
  5814 | D:6      | Found a hazy altar of Hepliaklqana.
  5930 | D:6      | Found a bloodstained altar of Trog.
  5980 | D:6      | Reached * piety under Cheibriados
  6310 | D:6      | Gained mutation: You are partially covered in thin metallic
                  | scales. (AC +2) [potion of mutation]
  6310 | D:6      | Gained mutation: You are partially covered in molten
                  | scales. (AC +2) [potion of mutation]
  6310 | D:6      | Gained mutation: Your mind is acute. (Int +2) [potion of
                  | mutation]
  6310 | D:6      | Gained mutation: You evolve. [potion of mutation]
  7166 | D:6      | Gained mutation: Your mind is very acute. (Int +4)
                  | [evolution]
  7239 | D:6      | Reached XP level 9. HP: 53/59 MP: 11/11
  7356 | D:6      | Found a staircase to the Ecumenical Temple.
  7396 | D:6      | Reached skill level 5 in Throwing
  8149 | D:7      | Reached skill level 5 in Shields
  8538 | D:7      | Reached ** piety under Cheibriados
  9002 | D:7      | Found Hishost's Antique Weapon Boutique.
  9021 | D:7      | Bought a fine trident for 255 gold pieces
  9021 | D:7      | Identified the cursed +3 trident of Armageddon {holy, +Fly
                  | rPois rF+ MR+} (You bought it in a shop on level 7 of the
                  | Dungeon)
  9275 | D:7      | Found a runed translucent gate.
  9275 | D:7      | Found a runed translucent gate.
  9282 | D:7      | Found a runed translucent gate.
  9282 | D:7      | Noticed Apogee's ghost (novice TrFi)
  9282 | D:7      | Noticed Graouh's ghost (novice MiFi)
  9282 | D:7      | Noticed vurker's ghost (novice MiHu)
  9359 | D:8      | Noticed Joseph
  9528 | D:8      | Killed Joseph
  9528 | D:8      | Reached skill level 5 in Fighting
  9557 | D:8      | Reached skill level 5 in Invocations
  9573 | D:8      | Reached skill level 5 in Dodging
  9697 | D:8      | Reached XP level 10. HP: 65/66 MP: 13/13
  9715 | D:8      | Found a glowing silver altar of Zin.
  9724 | D:8      | Reached *** piety under Cheibriados
  9811 | D:8      | Gained mutation: Your body sometimes deteriorates upon
                  | taking damage. [evolution]
 10183 | D:8      | Found a sparkling altar of Nemelex Xobeh.
 10323 | D:8      | Learned a level 3 spell: Confusing Touch
 10357 | D:9      | Noticed a two-headed ogre
 10357 | D:9      | Noticed a death yak
 10603 | D:9      | Reached skill level 1 in Hexes
 11035 | D:9      | Found a bloodstained altar of Trog.
 11052 | D:9      | Got a faintly glowing war axe
 11054 | D:9      | Identified the +11 war axe of Dim Light {protect, *Contam
                  | MR+ Int+6 SInv} (You found it on level 9 of the Dungeon)
 11080 | D:9      | Noticed a death yak
 11092 | D:9      | Killed a death yak
 11092 | D:9      | Reached skill level 1 in Axes
 11092 | D:9      | Reached skill level 1 in Spellcasting
 11094 | D:9      | Noticed a death yak
 11384 | D:8      | Killed a death yak
 11384 | D:8      | Reached skill level 3 in Axes
 11465 | D:9      | Killed a death yak
 11465 | D:9      | Reached skill level 4 in Axes
 11465 | D:9      | Reached XP level 11. HP: 34/73 MP: 13/15
 11662 | D:9      | Found a staircase to the Lair.
 11691 | D:9      | Killed a two-headed ogre
 11691 | D:9      | Reached **** piety under Cheibriados
 11691 | D:9      | Reached skill level 6 in Axes
 11766 | D:9      | Reached skill level 7 in Axes
 11992 | D:9      | Reached skill level 8 in Axes
 12051 | D:9      | Noticed a centaur warrior
 12060 | D:9      | Killed a centaur warrior
 12164 | D:9      | Found a staircase to the Orcish Mines.
 12377 | D:9      | Found a shimmering blue altar of Sif Muna.
 12378 | D:9      | Found a stormy altar of Qazlal.
 12378 | D:9      | Found a shimmering altar of Xom.
 12669 | D:10     | Entered Level 10 of the Dungeon
 12674 | D:9      | Reached skill level 9 in Axes
 12938 | D:10     | Reached ***** piety under Cheibriados
 13403 | D:10     | Reached skill level 10 in Axes
 13892 | D:10     | Noticed a two-headed ogre
 13898 | D:10     | Killed a two-headed ogre
 14089 | D:10     | Gained mutation: You expend magic power (3 MP) to
                  | strengthen your wands. [evolution]
 14768 | D:11     | Noticed a deep elf mage
 14775 | D:11     | Noticed an orc sorcerer
 14776 | D:11     | Killed a deep elf mage
 14776 | D:11     | Reached skill level 11 in Axes
 14777 | D:11     | Noticed a deep elf mage
 14780 | D:11     | Killed an orc sorcerer
 14782 | D:11     | Killed a deep elf mage
 14925 | D:11     | Noticed an orc knight
 14929 | D:11     | Reached XP level 12. HP: 81/81 MP: 16/16
 14937 | D:11     | Noticed a centaur warrior
 14947 | D:11     | Killed a centaur warrior
 15095 | D:11     | Reached skill level 12 in Axes
 15102 | D:11     | Identified the cursed +1 hand axe "Saepp" {venom, rN+ SInv}
 15136 | D:11     | Found the +8 frozen axe "Frostbite" {freezing cloud, *Noise
                  | +Fly rC+}
 15140 | D:11     | Found Uffiff's Jewellery Shop.
 15477 | D:11     | Found a runed translucent door.
 15477 | D:11     | Noticed Afol's ghost (journeyman DEAE)
 15494 | D:11     | Noticed Snorg
 15506 | D:11     | Killed Snorg
 15538 | D:11     | Noticed a six-headed hydra
 16066 | D:11     | Learned a level 1 spell: Animate Skeleton
 16429 | D:12     | Noticed Psyche
 16438 | D:12     | Killed Psyche
 16734 | D:12     | Reached ****** piety under Cheibriados
 16765 | D:12     | Noticed a two-headed ogre
 16775 | D:12     | Killed a two-headed ogre
 17138 | D:12     | Found Waitotu's Assorted Antiques.
 17222 | D:12     | Lost mutation: Your body sometimes deteriorates upon taking
                  | damage. [evolution]
 17572 | D:13     | Reached skill level 13 in Axes
 17577 | D:13     | Found a gate leading to a gauntlet.
 17597 | D:13     | Reached XP level 13. HP: 84/88 MP: 18/18
 17627 | D:13     | Reached skill level 10 in Throwing
 17643 | Gauntlet | Entered a Gauntlet
 17643 | Gauntlet | Found a transporter.
 17852 | Gauntlet | Found a transporter.
 17853 | Gauntlet | Found a runed translucent door.
 17861 | Gauntlet | Found a runed translucent door.
 17864 | Gauntlet | Found a transporter.
 17868 | Gauntlet | Found a transporter.
 17884 | Gauntlet | Found a transporter.
 17898 | Gauntlet | Found a transporter.
 17902 | Gauntlet | Found a transporter.
 17905 | Gauntlet | Found a transporter.
 17928 | Gauntlet | Found a transporter.
 17936 | Gauntlet | Found a transporter.
 17936 | Gauntlet | Found a transporter.
 17940 | Gauntlet | Found a runed translucent door.
 17942 | Gauntlet | Found a runed translucent door.
 17944 | Gauntlet | Found a transporter.
 18324 | Gauntlet | Identified the +4 demon trident of Arbitration {drain, rF+}
 18324 | Gauntlet | Noticed a minotaur
 18335 | Gauntlet | Hit by a javelin thrown by a minotaur

Illustrated notes

Levels and vault maps discovered:
D:1:      eino_arrival_cavern_b, layout_rooms, minmay_misc_feat_iff,
          nrook_mini_vaults, minmay_misc_feat_nine_boxes, grunt_decor_one_mirror
D:2:      layout_rooms, nicolae_overflow_crystal_walls, minmay_misc_feat_tower,
          lemuel_statue_altar, uniq_natasha
D:3:      layout_basic, nicolae_tso_carved_into_rock,
          ebering_ghost_reflecting_pool
D:4:      layout_basic, gammafunk_ghost_smash, grunt_dithmenos_shadows
D:5:      minmay_razor_zed, layout_layer_cave, basic_altar, serial_shops, shop,
          minmay_manual_mandibuliform
D:6:      layout_rooms, grunt_temple_overflow_open,
          minmay_temple_entry_from_below_a
D:7:      layout_basic, gammafunk_ghost_cemetery, serial_shops, shop,
          minmay_strange_pillars, kennysheep_another_room
D:8:      layout_gridville, lemuel_doored_altar, eino_curves_03,
          nemelex_lonely_heart_becter, uniq_joseph
D:9:      layout_basic, gammafunk_temple_overflow_claw, dpeg_lair_monsters,
          orc_0_dummy, basic_altar, minmay_stone_trees_small, feat_on_display
D:10:     layout_basic
D:11:     minmay_the_grid_plus [minmay_the_grid_stretched_grid,
          minmay_the_grid_minigrid_medium, minmay_the_grid_tri_star,
          minmay_the_grid_odd_star, minmay_the_grid_prize_trominoes],
          layout_basic, ebering_ghost_inner_flame, serial_shops, shop,
          uniq_snorg
D:12:     layout_basic, serial_shops, nicolae_shop_behind_doors, uniq_psyche
D:13:     layout_grid_maze, lightli_vaults_fourway_checkpoint,
          gauntlet_entry_generic
Gauntlet: minmay_gauntlet_mixed_oops_all_seconds
          [minmay_gauntlet_arena_77_shame_cube, nicolae_gauntlet_arena_quarters,
          minmay_gauntlet_arena_77_cramped, gammafunk_gauntlet_arena_grid,
          minmay_gauntlet_arena_77_squiggly, gammafunk_gauntlet_arena_split_x,
          nicolae_gauntlet_exit_dead_adventurers]

Skill      XL: |  1  2  3  4  5  6  7  8  9 10 11 12 13 |
---------------+----------------------------------------+-----
Stealth        | 1 3 4 5 |  5.3
Polearms       | 3 4 5 6 8 |  8.8
Throwing       | 1 2 3 4 5 6 9 10 | 10.4
Fighting       | 4 5 6 7 8 |  8.0
Shields        | 4 6 7 |  7.4
Invocations    | 3 5 6 7 8 |  8.0
Dodging        | 4 5 6 |  6.1
Hexes          | 2 |  2.8
Axes           | 4 11 13 | 13.2
Spellcasting   | 2 |  2.3

Action                   |  1- 3 |  4- 6 |  7- 9 | 10-12 | 13-15 || total
-------------------------+-------+-------+-------+-------+-------++-------
Melee: Trident           |    87 |   106 |   214 |    71 |       ||   478
       Constrict         |    13 |    19 |    38 |    46 |     6 ||   122
       Tentacles         |     4 |     8 |    45 |    87 |     5 ||   149
       War axe           |       |       |       |   220 |    19 ||   239
Throw: Dart              |     3 |    35 |   111 |   132 |    11 ||   292
       Boomerang         |       |       |    46 |    73 |       ||   119
       Throwing net      |       |       |       |     1 |       ||     1
 Cast: Confusing Touch   |       |       |       |     1 |       ||     1
Invok: Bend Time         |       |       |     1 |       |     1 ||     2
       Slouch            |       |       |       |       |     1 ||     1
Evoke: Box of beasts     |       |       |       |     2 |       ||     2
       Phial of floods   |       |       |       |       |     1 ||     1
  Use: Scroll            |       |       |    14 |    12 |       ||    26
       Potion            |       |       |     1 |     3 |       ||     4
 Stab: Sleeping          |    10 |    22 |     8 |    18 |       ||    58
       Distracted        |       |       |     1 |     3 |       ||     4
       Confused          |       |       |       |     1 |       ||     1
Armor: Skin              |     5 |     4 |    12 |    16 |     2 ||    39
Dodge: Dodged            |    29 |    18 |    58 |    81 |     5 ||   191
Block: Kite shield       |    17 |    26 |   113 |   199 |    16 ||   371
       Reflection        |       |       |     6 |     9 |     1 ||    16

Table legend: (Time is in decaauts)
 A = Elapsed time spent in this place.
 B = Non-inter-level travel time spent in this place.
 C = Inter-level travel time spent in this place.
 D = Time resting spent in this place.
 E = Time spent auto-exploring this place.
 F = Levels seen in this place.
 G = Mean time per level.
                   A        B        C        D        E       F      G
               +--------+--------+--------+--------+--------+-----+--------+
         Total |  22598 |  21862 |    736 |   6844 |  11237 |  14 | 1614.1 |
       Dungeon |  21646 |  20910 |    736 |   6426 |  10901 |  13 | 1665.1 |
      Gauntlet |    952 |    952 |      0 |    418 |    336 |   1 |  952.0 |
               +--------+--------+--------+--------+--------+-----+--------+

Top non-repeatable levels by time:
    D:11: 2888 daAuts
     D:9: 2762 daAuts
     D:5: 2351 daAuts
     D:7: 2065 daAuts
    D:12: 2057 daAuts
    D:10: 1960 daAuts
     D:6: 1795 daAuts
     D:8: 1492 daAuts
     D:4: 1347 daAuts
     D:3: 983 daAuts
Gauntlet: 952 daAuts
     D:2: 891 daAuts
     D:1: 879 daAuts
    D:13: 171 daAuts
